 Dungeon Crawl Stone Soup version 0.31-a0-848-gaac375c287 (webtiles) character file.

Game seed: 10080409300815406470

194 Kurtz the Sneak (level 5, 0/41 HPs)
             Began as a Mummy Delver on Oct 4, 2023.
             Killed by divine providence
             ... invoked by an orc priest
              (14 damage)
             ... on level 3 of the Dungeon.
             The game lasted 00:03:52 (2718 turns).

Kurtz the Sneak (Mummy Delver)                      Turns: 2718, Time: 00:03:53

Health: 0/41       AC:  4    Str: 15    XL:     5   Next: 44%
Magic:  14/14      EV: 12    Int: 10    God:
Gold:   201        SH:  0    Dex: 15    Spells: 4/4 levels left

rFire   x . .        a - +0 mace
rCold   + . .        (no shield)
rNeg    + + +        b - +0 leather armour
rPois   ∞            (no helmet)
rElec   .            (no cloak)
rCorr   .            i - +0 pair of gloves
SInv    .            (no boots)
Will    .....        (no amulet)
Stlth   ++           o - ring of magical power
HPRegen 0.26/turn    (no ring)
MPRegen 0.14/turn

%: faith
@: no status effects
A: cold resistance 1, negative energy resistance 3, torment resistance 2, heat
vulnerability 1, in touch with death 1, no potions, faith
a: no special abilities


You were on level 3 of the Dungeon.
You visited 1 branch of the dungeon, and saw 5 of its levels.

You collected 201 gold pieces.

Inventory:

Hand Weapons
 a - a +0 mace (weapon)
Missiles
 l - 3 silver javelins (quivered)
Armour
 b - a +0 leather armour (worn)
 i - a +0 pair of gloves (worn)
 m - a +0 buckler
Jewellery
 o - a ring of magical power (left hand)
Wands
 f - a wand of digging (3)
Scrolls
 c - a scroll of fog
 d - 3 scrolls of revelation
 e - a scroll of fear
 g - a scroll of poison {unknown}
 h - 2 scrolls of identify {unknown}
 j - a scroll of blinking {unknown}
 k - 2 scrolls of teleportation {unknown}
 n - a scroll of noise {unknown}


   Skills:
 - Level 3.0 Fighting
 * Level 4.1 Maces & Flails
 + Level 1.7 Armour
 + Level 2.0 Dodging
 - Level 4.1 Stealth


You had 4 spell levels left.
You didn't know any spells.
Your spell library contained the following spells:

 Spells                   Type           Power      Damage    Failure   Level
 Hailstorm                Conj/Ice       0%         3d3       80%         3
 Brom's Barrelling Bould  Conj/Erth      0%         2d3       99%         4
 Cause Fear               Hex            0%         N/A       99%         4
 Summon Ice Beast         Ice/Summ       0%         N/A       99%         4
 Fireball                 Conj/Fire      0%         3d3       100%        5
 Iskenderun's Battlesphe  Conj           0%         2d6       100%        5
 Conjure Ball Lightning   Conj/Air       0%         3x3d6     100%        6
 Simulacrum               Ice/Necr       0%         N/A       100%        6
 Orb of Destruction       Conj           0%         9d5       100%        7
 Dragon's Call            Summ           0%         N/A       100%        9


Dungeon Overview and Level Annotations

Branches:
Dungeon (5/15)
 Temple: D:4-7

Altars:
Trog

Shops:
D:4 *

Annotations:
D:5 exclusion: ice beast


Innate Abilities, Weirdness & Mutations

You are immune to poison.
Your flesh is cold resistant. (rC+)
You are immune to negative energy. (rN+++)
You are immune to unholy pain and torment.
You are vulnerable to heat. (rF-)
You are in touch with the powers of death.
You do not drink.
You have a special connection with the divine. (Faith)


Message History

Found a scroll labelled ROACKA GOTUKHE.
The orc priest shouts!
You hear a shout! x2
The orc moves out of view.
The orc shouts!
Found a leather armour.
The orc hits you but does no damage.
You hit the orc.
You kill the orc!
An orc comes into view. It is wielding a +0 flail.
You barely miss the orc priest. The orc priest closely misses you.
The orc priest barely misses you.
You barely miss the orc priest.
The orc priest hits you but does no damage.
You hit the orc priest.
The orc priest is lightly wounded.
The orc priest hits you with a +0 hand axe.
You hit the orc priest.
The orc priest is moderately wounded.
The orc priest hits you with a +0 hand axe.
You hit the orc priest.
The orc priest is heavily wounded.
The orc priest hits you with a +0 hand axe.
You closely miss the orc priest.
The orc priest is heavily wounded.
The orc priest barely misses you.
You closely miss the orc priest.
The orc priest is heavily wounded.
The orc priest misses you.
The orc priest mumbles some strange prayers to Beogh against you.
Beogh smites you!
You barely miss the orc priest.
The orc priest is heavily wounded.
The orc priest hits you with a +0 hand axe.
You closely miss the orc priest.
The orc priest is heavily wounded.
The orc priest closely misses you.
You closely miss the orc priest.
The orc priest is heavily wounded.
The orc priest invokes the aid of Beogh against you.
Beogh smites you!
You die...

#. ... # ###[# #
..... # ##.#.### #
#. #......# # #
#.###....#.##o#####
#
..........@oo....#
# #...!....##.###.#
# #.#........# .. #
##..........# ## #
.. ..##.#......# ##
#.# #.##.##...###
#. #.# #.##.##'###
#. #.###.##.#...##
#.##
#.....).......##
#...


You could see an orc priest and 2 orcs.

Vanquished Creatures
  2 orc priests
  An orc wizard (D:2)
  3 adders
  A worm (D:2)
  6 orcs (D:3)
  8 ball pythons
  9 endoplasms
  5 giant cockroaches
  8 goblins
  6 hobgoblins
  5 kobolds
  5 quokkas
  2 bats
  A frilled lizard (D:1)
  4 rats
66 creatures vanquished.

Notes
Turn   | Place    | Note
-------+----------+-------------------------------------------
     0 | D:5      | Kurtz the Mummy Delver began the quest for the Orb.
     0 | D:5      | Reached XP level 1. HP: 18/18 MP: 1/1
    64 | D:5      | Reached XP level 2. HP: 16/24 MP: 2/2
   101 | D:5      | Noticed an ice beast
   162 | D:4      | Found a bloodstained altar of Trog.
   171 | D:4      | Found Horphi Cida's Lightly-Used Armoury.
   457 | D:1      | Reached XP level 3. HP: 22/29 MP: 3/3
  1173 | D:2      | Identified the +0 ring mail "Xiuda" {rPois Str-3 Dex+7}
  1186 | D:1      | Reached skill level 1 in Armour
  1280 | D:2      | Reached XP level 4. HP: 32/35 MP: 4/4
  2227 | D:2      | Reached XP level 5. HP: 9/41 MP: 5/5
  2718 | D:3      | Killed from afar by an orc priest

Illustrated notes

Levels and vault maps discovered:
D:1:      wander_arrival_abandoned_jail, layout_rooms
D:2:      layout_loops_ring, serial_aquarium, aquarium_bridge_long_joined
          [aquarium_subvault_window, aquarium_subvault_wall,
          aquarium_subvault_window, aquarium_subvault_bridge,
          aquarium_subvault_bridge, aquarium_subvault_bridge],
          aquarium_window_fake, aquarium_window_1, aquarium_window_1,
          aquarium_view_2d, aquarium_balcony_3b
D:3:      layout_loops_corners, eino_tiny_chamber
D:4:      layout_basic, mainiacjoe_overflow_catwalk, grunt_decor_arrowhead,
          nicolae_hexahallways, minmay_shop_damaged
D:5:      layout_gridville

Skill      XL: |  1  2  3  4  5 |
---------------+----------------+-----
Maces & Flails | 2 3 4 |  4.1
Armour         | 1 |  1.7
Dodging        | 2 |  2.0
Fighting       | |  3.0
Stealth        | |  4.1

Action                     |  1- 3 |  4- 6 || total
---------------------------+-------+-------++-------
  Melee: Mace              |   139 |   112 ||   251
         Punch             |     1 |       ||     1
  Throw: Javelin           |       |     3 ||     3
   Stab: Sleeping          |     4 |     2 ||     6
 Armour: Leather armour    |   112 |    76 ||   188
  Dodge: Dodged            |   134 |    54 ||   188

Table legend: (Time is in decaauts)
 A = Elapsed time spent in this place.
 B = Non-inter-level travel time spent in this place.
 C = Inter-level travel time spent in this place.
 D = Time resting spent in this place.
 E = Time spent auto-exploring this place.
 F = Levels seen in this place.
 G = Mean time per level.
                   A        B        C        D        E       F      G
               +--------+--------+--------+--------+--------+-----+--------+
         Total |   2791 |   2703 |     88 |    562 |   1439 |   5 |  558.2 |
       Dungeon |   2791 |   2703 |     88 |    562 |   1439 |   5 |  558.2 |
               +--------+--------+--------+--------+--------+-----+--------+

Top non-repeatable levels by time:
     D:2: 1063 daAuts
     D:1: 791 daAuts
     D:3: 750 daAuts
     D:5: 145 daAuts
     D:4: 41 daAuts
